Map: Dreamcatcher LE

Players

Solar - Winner!

  • Race: Zerg Zerg
  • League: Diamond
  • Spawn Location: 5:00

lIIllllIIlll (INnoVation)

  • Race: Terran Terran
  • League: Master
  • Spawn Location: 11:00

Event: HomeStory Cup XVII

VOD

Have the link to the VOD?

Description

Time

  • Played on: July 1, 2018, 1:29 p.m.
  • Length: 16:31

All games in this series

Show
View Real Time Build Order
Export as new Build Order

Solar Zerg - Winner!

Build Orders: Hatch First 

Get SALT Encoding   

  12  0:01  Drone  
  13  0:12  Overlord  
  13  0:16  Drone  
  14  0:30  Drone x2  
  16  0:36  Drone  
  17  0:52  Hatchery  
  17  0:54  Drone  
  17  0:57  Drone  
  17  1:02  Extractor  
  17  1:13  Spawning Pool  
  17  1:16  Drone  
  17  1:19  Drone  
  18  1:28  Drone  
  19  1:41  Drone  
  20  1:49  Overlord  
  20  2:00  Queen  
  22  2:03  Queen  
  22  2:04  Zergling x4  
  22  2:06  Metabolic Boost  
  26  2:14  Drone  
  27  2:30  Drone  
  27  2:33  Spore Crawler  
  27  2:35  Hatchery  
  27  2:36  Drone  
  27  2:38  Drone  
  27  2:40  Drone  
  29  2:48  Queen  
  31  2:52  Drone  
  31  2:56  Overlord  
  32  3:00  Drone  
  32  3:03  Drone x2  
  35  3:06  Drone  
  36  3:15  Drone x4  
  36  3:19  Drone  
  41  3:21  Overlord  
  41  3:30  Drone x2  
  43  3:41  Drone  
  44  3:42  Drone  
  44  3:45  Drone  
  44  3:46  Queen  
  44  3:47  Queen  
  49  3:49  Drone x3  
  49  3:53  Overlord  
  49  3:55  Drone  
  53  3:58  Drone  
  53  4:00  Zergling x6  
  57  4:05  Overlord  
  57  4:07  Overlord  
  57  4:12  Overlord  
  57  4:14  Drone  
  57  4:15  Lair  
  58  4:20  Extractor  
  58  4:21  Baneling Nest, Extractor, Drone  
  58  4:22  Drone  
  58  4:23  Drone  
  58  4:25  Drone  
  58  4:27  Drone x2  
  58  4:30  Drone  
  62  4:33  Drone x2  
  62  4:34  Drone  
  65  4:40  Evolution Chamber  
  65  4:41  Drone x2  
  65  4:42  Drone  
  67  4:48  Drone  
  67  4:50  Drone  
  69  4:53  Extractor, Zergling x4  
  69  4:59  Overlord  
  70  5:03  Drone x4  
  70  5:06  Zerg Ground Armor Level 1  
  74  5:07  Hatchery  
  74  5:09  Zergling x2  
  74  5:10  Zergling x4  
  74  5:13  Centrifical Hooks  
  76  5:16  Zergling x4  
  76  5:18  Zergling x4  
  76  5:20  Zergling x2  
  80  5:21  Zergling x2  
  80  5:23  Overlord  
  82  5:28  Zergling x2  
  82  5:30  Baneling x8  
  82  5:32  Drone x2  
  86  5:35  Drone x3  
  86  5:37  Drone  
  86  5:40  Drone  
  86  5:41  Evolution Chamber  
  86  5:42  Drone x2  
  90  5:43  Drone  
  90  5:45  Drone  
  91  5:52  Hatchery  
  91  5:55  Zergling x6  
  93  5:57  Overlord  
  93  5:59  Overseer  
  93  6:03  Overlord  
  93  6:05  Zergling x8  
  93  6:09  Baneling x2  
  97  6:13  Overlord  
  97  6:16  Zergling x2  
  97  6:17  Zergling x10  
  103  6:20  Zerg Melee Weapons Level 1  
  103  6:21  Zergling x2  
  102  6:27  Drone x2  
  102  6:28  Infestation Pit, Extractor, Drone  
  102  6:29  Baneling x2  
  102  6:31  Zergling x2  
  104  6:35  Zergling x6  
  104  6:39  Overlord  
  107  6:40  Drone x2  
  107  6:47  Baneling x4  
  109  6:53  Zergling x20  
  119  7:02  Zerg Ground Armor Level 2  
  119  7:03  Zergling x4  
  121  7:08  Hive  
  121  7:09  Drone x6, Queen  
  121  7:14  Zergling x2  
  128  7:15  Pneumatized Carapace  
  128  7:18  Overlord  
  128  7:22  Zergling x18  
  135  7:26  Drone  
  135  7:27  Drone x2  
  136  7:31  Spore Crawler  
  136  7:34  Zergling x4  
  136  7:36  Overlord  
  137  7:38  Zergling x4  
  137  7:43  Zergling x8  
  143  7:50  Drone x3  
  143  7:51  Extractor, Zergling x2  
  145  7:52  Zergling x4  
  145  7:55  Overlord  
  145  7:56  Baneling x5  
  145  7:57  Overlord  
  147  7:58  Overlord  
  147  8:02  Zergling x4  
  147  8:04  Hatchery  
  147  8:05  Zergling x2  
  145  8:09  Zergling x4  
  145  8:11  Zergling x4  
  147  8:20  Baneling x2  
  147  8:22  Drone x2, Zerg Melee Weapons Level 2  
  147  8:23  Spire, Viper, Ultralisk Cavern  
  147  8:26  Zergling x18  
  158  8:32  Zergling x4  
  156  8:37  Overlord x2  
  156  8:43  Drone  
  156  8:45  Spore Crawler, Zergling x12  
  162  8:50  Zergling x2  
  162  8:51  Zergling x8  
  156  8:57  Baneling x9  
  156  9:01  Zergling x2  
  156  9:02  Zergling x12  
  162  9:04  Drone  
  162  9:07  Zergling x6  
  166  9:11  Baneling x7  
  166  9:12  Chitinous Plating  
  166  9:15  Zergling x2, Ultralisk x2  
  166  9:16  Zergling x2  
  179  9:17  Zergling x4  
  179  9:18  Zergling x2  
  179  9:20  Zergling x4  
  179  9:23  Zergling x6  
  187  9:25  Zergling x4  
  188  9:33  Zergling x2, Ultralisk  
  188  9:34  Zergling x4  
  188  9:37  Zergling x6  
  198  9:42  Baneling x12  
  198  9:43  Baneling x2  
  198  9:44  Baneling x2  
  198  9:47  Zergling x2  
  198  9:49  Baneling  
  198  9:50  Baneling x6, Overlord  
  199  9:53  Overlord  
  199  9:54  Overlord  
  199  9:55  Overlord  
  199  9:58  Overlord  
  187  10:04  Zergling x2  
  187  10:05  Zergling x16  
  173  10:07  Zergling x2  
  173  10:08  Zergling x2  
  164  10:14  Zergling x2  
  164  10:15  Zergling x6  
  164  10:17  Zergling x2  
  164  10:19  Zergling x4  
  164  10:20  Zergling x4  
  161  10:23  Zergling x8  
  161  10:25  Zergling x4  
  151  10:36  Zergling x18  
  136  10:45  Ultralisk x2  
  136  10:47  Zergling x2  
  136  10:48  Zergling x4  
  136  10:49  Zergling x4  
  145  10:51  Baneling x2  
  145  10:52  Baneling x3  
  141  11:03  Zergling x14  
  147  11:08  Corruptor  
  149  11:11  Hatchery  
  149  11:12  Corruptor x2  
  150  11:19  Baneling x10  
  150  11:20  Baneling  
  150  11:25  Zergling x10  
  154  11:26  Zergling x2  
  154  11:27  Baneling x2  
  154  11:31  Zergling x4  
  158  11:35  Baneling x4  
  158  11:37  Zergling x4  
  158  11:39  Zergling x2  
  148  11:50  Zergling x6  
  139  11:56  Drone x3  
  139  12:00  Zergling x6  
  143  12:04  Corruptor  
  144  12:14  Extractor  
  144  12:15  Extractor  
  142  12:20  Corruptor  
  144  12:23  Hatchery  
  144  12:25  Corruptor  
  145  12:31  Corruptor  
  147  12:41  Zerg Ground Armor Level 3  
  147  12:44  Zergling x8  
  151  12:50  Zergling x12  
  157  12:52  Baneling x3  
  157  12:56  Baneling  
  157  12:57  Baneling x6  
  157  12:58  Zergling x2  
  158  13:07  Corruptor  
  158  13:09  Baneling x4  
  160  13:15  Zerg Flyer Weapons Level 1  
  160  13:17  Zergling x18  
  160  13:18  Zergling x4  
  170  13:24  Corruptor  
  170  13:26  Baneling x3  
  172  13:28  Zergling x6  
  172  13:30  Zergling x6  
  172  13:31  Zergling x2  
  179  13:37  Baneling x7  
  179  13:38  Baneling, Zergling x2  
  179  13:39  Zergling x2  
  181  13:41  Baneling  
  181  13:42  Baneling  
  181  13:43  Zergling x2  
  181  13:44  Zergling x6  
  185  13:48  Zergling x2  
  185  13:50  Zergling x8  
  185  13:54  Zergling x2  
  189  13:57  Zergling x2  
  187  14:03  Zergling x10  
  187  14:10  Zergling x2  
  187  14:14  Zergling x10  
  171  14:21  Corruptor  
  171  14:22  Corruptor  
  171  14:23  Zergling x8  
  165  14:31  Zergling x2  
  166  14:41  Zergling x8  
  159  14:51  Zergling x2, Ultralisk  
  159  14:52  Zergling x4  
  165  14:53  Baneling x5  
  165  14:54  Baneling x5  
  165  14:56  Zergling x8  
  168  15:06  Zergling x12  
  174  15:09  Baneling x20  
  174  15:10  Baneling x5  
  174  15:13  Zergling x2  
  175  15:16  Zergling x8  
  175  15:19  Zergling x2  
  180  15:24  Hatchery, Zergling x2  
  180  15:26  Zergling x2  
  180  15:27  Zergling x6  
  184  15:29  Zergling x2  
  184  15:33  Baneling  
  184  15:34  Zergling x2  
  184  15:36  Baneling x6  
  184  15:38  Zergling x10  
  189  15:46  Zergling x2  
  189  15:48  Baneling x5  
  187  15:58  Zergling x14  
  187  16:02  Zergling x2  
  187  16:03  Zergling x4  
  178  16:06  Zergling x2  
  178  16:09  Zergling x2  
Show
View Real Time Build Order
Export as new Build Order

lIIllllIIlll Terran 

Build Orders: Reaper Expand, Bio Tank 

Get SALT Encoding   

  12  0:00  SCV  
  13  0:12  SCV  
  14  0:17  Supply Depot  
  14  0:24  SCV  
  15  0:38  SCV  
  15  0:40  Barracks  
  16  0:43  Refinery  
  16  0:50  SCV  
  17  1:03  SCV  
  18  1:15  SCV  
  19  1:27  Orbital Command, Reaper  
  20  1:39  Command Center  
  20  1:50  Supply Depot  
  20  1:53  SCV  
  21  1:59  Marine  
  22  2:05  SCV  
  22  2:06  Factory  
  23  2:17  SCV  
  23  2:19  Barracks Reactor  
  24  2:29  SCV  
  25  2:39  Command Center  
  25  2:41  SCV  
  26  2:52  Orbital Command  
  26  2:53  SCV  
  29  2:58  Hellion  
  29  2:59  Hellion  
  29  3:01  Barracks Tech Lab  
  29  3:05  SCV  
  32  3:18  SCV x2  
  34  3:20  Stimpack, Marine  
  34  3:25  Barracks  
  35  3:28  Factory Reactor  
  35  3:30  SCV x2  
  35  3:32  Barracks  
  37  3:38  Marine  
  38  3:42  SCV x2  
  38  3:43  Refinery  
  40  3:51  Orbital Command  
  40  3:54  SCV x2  
  40  3:55  Engineering Bay  
  42  3:59  Engineering Bay  
  42  4:02  Marine  
  42  4:06  SCV x2  
  44  4:11  Refinery  
  44  4:12  Marine  
  44  4:13  Refinery, Marine  
  44  4:16  SCV  
  47  4:18  SCV x2  
  47  4:22  Terran Infantry Weapons Level 1  
  49  4:24  Terran Infantry Armor Level 1  
  49  4:26  Marine x2  
  49  4:28  SCV  
  49  4:30  SCV  
  53  4:31  SCV  
  53  4:35  Supply Depot  
  54  4:40  Starport  
  54  4:42  SCV x2  
  54  4:43  SCV  
  54  4:44  Factory Reactor  
  57  4:47  Marine  
  57  4:49  Supply Depot, Marine  
  57  4:51  Marine  
  57  4:52  Marine  
  61  4:56  Marine  
  61  4:57  SCV x2  
  61  4:58  SCV  
  65  5:02  Supply Depot  
  65  5:09  SCV  
  65  5:10  SCV  
  65  5:13  Marine  
  65  5:14  Marine x4  
  69  5:18  Supply Depot  
  72  5:23  Orbital Command, Medivac x2  
  72  5:25  Armory  
  72  5:27  Combat Shield, Supply Depot, Factory Tech Lab  
  76  5:30  SCV  
  76  5:31  SCV  
  78  5:36  Marine x3  
  78  5:37  Marine x2  
  78  5:42  SCV  
  84  5:43  SCV  
  84  5:49  Siege Tank  
  88  5:53  SCV  
  88  5:54  SCV  
  88  5:55  SCV  
  91  5:57  Supply Depot, Marine x5  
  91  6:03  Medivac x2  
  100  6:10  SCV  
  101  6:11  Supply Depot x2  
  101  6:19  SCV x2  
  101  6:24  SCV  
  106  6:25  Siege Tank  
  106  6:26  Barracks  
  106  6:27  Barracks  
  106  6:29  Refinery x2  
  106  6:31  SCV  
  107  6:33  SCV  
  107  6:34  Supply Depot  
  107  6:35  Marine x4  
  107  6:36  SCV, Marine  
  114  6:43  SCV  
  114  6:44  Supply Depot  
  115  6:48  Supply Depot  
  115  6:51  SCV x2  
  115  6:53  Marine x5  
  122  6:55  SCV  
  122  6:58  Siege Tank  
  126  7:08  Factory  
  126  7:11  SCV x3  
  128  7:16  Marine x5, Barracks Reactor x2  
  128  7:19  Terran Infantry Armor Level 2, Terran Infantry Weapons Level 2  
  133  7:23  SCV x3  
  133  7:29  Medivac x2  
  140  7:32  Supply Depot  
  140  7:35  Siege Tank, Command Center  
  140  7:37  Terran Vehicle And Ship Armor Level 1  
  143  7:47  Barracks  
  143  7:48  Barracks  
  143  7:49  Barracks  
  143  7:56  Factory Tech Lab  
  143  7:57  Marauder, Marine x2  
  147  7:58  Medivac  
  147  7:59  Medivac  
  147  8:03  Supply Depot  
  147  8:04  Supply Depot  
  151  8:07  Siege Tank  
  151  8:09  Marine x3  
  153  8:14  Concussive Shells  
  153  8:19  Marauder, Marine x2  
  157  8:20  Supply Depot  
  157  8:24  Marine x3  
  157  8:25  Siege Tank  
  157  8:26  Supply Depot  
  163  8:27  Marine x2  
  158  8:35  Barracks Tech Lab x2, Medivac x2  
  158  8:37  Barracks Tech Lab, Barracks Reactor  
  158  8:38  Marine  
  158  8:39  Siege Tank, Marine x2  
  158  8:40  Marauder  
  170  8:41  SCV  
  170  8:42  SCV x2, Marine x3  
  170  8:45  Marine  
  177  8:57  Marauder x2, Marine x4  
  177  9:00  Marine x3  
  177  9:02  Marauder, Marine  
  190  9:03  Siege Tank  
  190  9:05  Planetary Fortress  
  194  9:16  Sensor Tower  
  193  9:20  Siege Tank, Marine  
  193  9:21  Marine x3  
  200  9:41  Refinery x2  
  200  9:42  Command Center  
  200  9:43  Terran Infantry Armor Level 3, Terran Infantry Weapons Level 3  
  185  10:04  Marauder x2, Marine x2  
  185  10:05  Marauder, Marine x8  
  184  10:10  Siege Tank x2  
  184  10:13  Medivac  
  184  10:14  Medivac  
  189  10:20  Command Center  
  185  10:22  Marine x3  
  185  10:23  Marine x4  
  185  10:24  Marine  
  183  10:30  Liberator  
  183  10:34  Marauder x3, Liberator  
  186  10:42  Marine x8  
  152  10:56  Marauder x2  
  153  10:59  Marauder  
  155  11:10  SCV x3  
  156  11:19  Marauder x2  
  156  11:20  Marauder, Marine  
  156  11:21  Marine x6  
  156  11:23  SCV  
  170  11:29  Liberator x2  
  170  11:40  SCV x3  
  170  11:46  Marauder  
  180  11:47  Marauder x2  
  180  11:50  Marine x5  
  144  11:58  Marine  
  140  12:05  SCV x3  
  140  12:08  Marauder x3  
  144  12:13  Planetary Fortress  
  144  12:18  Liberator x2  
  144  12:19  Marine x2  
  144  12:20  Marine  
  147  12:22  Unknown  
  147  12:23  Marine x2  
  147  12:29  Marauder x2  
  155  12:30  Marauder, SCV  
  155  12:31  SCV x2  
  164  12:40  Marine x2  
  164  12:41  Marine  
  164  12:43  Marine x2  
  169  12:51  Marauder x2  
  173  12:52  Marauder  
  173  12:54  Marine x5  
  173  12:58  Marine  
  180  13:04  Starport  
  180  13:05  Liberator x2  
  181  13:12  Marauder x2  
  185  13:13  Refinery x2, Marine  
  185  13:14  Marauder, Factory Reactor, Marine x6  
  200  13:31  Ghost Academy  
  200  13:32  Terran Vehicle And Ship Armor Level 2  
  200  13:53  Fusion Core  
  200  13:54  Starport  
  192  13:58  SCV x3  
  192  13:59  Marauder x2  
  192  14:01  Liberator  
  192  14:02  Liberator  
  198  14:10  Liberator x2  
  142  14:17  Marauder, Marine  
  142  14:18  Marine x6  
  142  14:20  Marauder x2  
  145  14:28  Marine  
  145  14:29  Marine x2  
  154  14:35  Marine  
  147  14:38  Marauder  
  147  14:41  Marauder  
  147  14:42  Marauder  
  147  14:43  Starport Tech Lab  
  150  14:46  Liberator  
  150  14:49  Liberator  
  150  14:52  Liberator  
  150  14:54  SCV  
  150  14:55  SCV x2  
  150  14:56  SCV, Liberator  
  151  15:02  Advanced Ballistics  
  151  15:06  SCV  
  158  15:09  Liberator  
  158  15:10  Command Center  
  164  15:16  SCV x2  
  164  15:18  Missile Turret  
  166  15:29  Marauder, Liberator  
  166  15:31  Marauder  
  166  15:34  Marine x5  
  175  15:39  Marauder  
  176  15:48  Missile Turret  
  179  15:50  Sensor Tower  
  187  16:03  Marauder  
  187  16:04  Marauder x2  
  103  16:27  Unknown x4  
Tags
 
Add a new tag
Caveats
  • Supply blocks, unpowered buildings, or Contaminate may cause inaccurate times.
  • Supply counts are checked every 10 seconds.